 Dungeon Crawl Stone Soup version 0.28.0-43-g3370ac3207 (webtiles) character file.

Game seed: 8868102435994575709

86 weregamer the Chiller (level 4, 0/24 HPs)
             Began as a Gargoyle Ice Elementalist on Mar 30, 2022.
             Killed from afar by Sigmund (12 damage)
             ... with a magic dart
             ... on level 2 of the Dungeon.
             The game lasted 00:20:54 (2802 turns).

weregamer the Chiller (Gargoyle Ice Elementalist)   Turns: 2802, Time: 00:20:55

Health: 0/24       AC:  6    Str: 12    XL:     4   Next: 50%
Magic:  6/7        EV: 11    Int: 17    God:
Gold:   116        SH:  0    Dex: 10    Spells: 0/7 levels left

rFire   . . .      SeeInvis .   (no weapon)
rCold   . . .      Faith    .   (no shield)
rNeg    + . .      Spirit   .   d - +0 leather armour
rPois   ∞          Reflect  .   (no helmet)
rElec   +          Harm     .   (no cloak)
rCorr   .          Rampage  .   (no gloves)
Will    .....                   (no boots)
Stlth   ++........              f - amulet of regeneration
HPRegen 0.88/turn               (no ring)
MPRegen 0.10/turn               (no ring)

@: no status effects
A: sickness immunity, AC +3, negative energy resistance 1, electricity
resistance, torment resistance 1, petrification resistance
a: no special abilities


You were on level 2 of the Dungeon.
You visited 1 branch of the dungeon, and saw 2 of its levels.

You collected 116 gold pieces.

Inventory:

Hand Weapons
 g - a +0 dagger of freezing
Armour
 a - a +0 robe
 d - a +0 leather armour (worn)
Jewellery
 f - an amulet of regeneration (around neck)
 h - an amulet of the acrobat
Scrolls
 b - 3 scrolls of teleportation
 c - a scroll of fear
 i - a scroll of noise {unknown}
 j - a scroll of identify {unknown}
 k - a scroll of enchant armour {unknown}
Potions
 e - a potion of cancellation {unknown}


   Skills:
 * Level 0.8 Fighting
 * Level 2.1 Armour
 - Level 1.5 Dodging
 + Level 2.2 Stealth
 + Level 0.1 Unarmed Combat
 - Level 2.0 Spellcasting
 + Level 5.2 Ice Magic


You couldn't memorise any spells.
You knew the following spells:

 Your Spells              Type           Power      Damage    Failure   Level
a - Freeze                Ice            76%        1d9       3%          1
b - Ozocubu's Armour      Ice            19%        N/A       9%          3
c - Frozen Ramparts       Ice            38%        1d5       9%          3

Your spell library contained the following spells:

 Spells                   Type           Power      Damage    Failure   Level
 Animate Skeleton         Necr           2%         N/A       24%         1
 Pain                     Necr           4%         1d4       24%         1
 Corpse Rot               Necr/Air       2%         N/A       36%         2
 Vampiric Draining        Necr           1%         2d6       58%         3
 Hailstorm                Conj/Ice       10%        3d5       63%         4


Dungeon Overview and Level Annotations

Branches:
Dungeon (2/15)

Altars:
Kikubaaqudgha

Shops:
D:2 [

Annotations:
D:2 Sigmund


Innate Abilities, Weirdness & Mutations

You are immune to sickness and miasma.
Your stone body is resilient. (AC +3)
You are immune to poison.
You resist negative energy. (rN+)
You are resistant to electric shocks. (rElec)
You are resistant to unholy torment.
You are immune to petrification.


Message History

You bump into the rock wall.
You bump into the rock wall.
You hear some strange, mumbled words.
A magic dart appears from out of thin air!
The magic dart hits you! Something hits you.
You bump into the rock wall.
You bump into the rock wall.
You feel less confused. Something hits you.
You hear some strange, mumbled words.
Something tries to affect you, but you resist.
You open the door.
A puff of flame appears from out of thin air!
The puff of flame misses you.
Found 14 gold pieces.
There is an open door here.
A magic dart appears from out of thin air!
The magic dart hits you.
A puff of flame appears from out of thin air!
The puff of flame misses you.
You hear some strange, mumbled words.
You are confused.
A magic dart appears from out of thin air!
The magic dart hits you.
You feel less confused.
You see here a bat corpse.
Sigmund gestures at you while chanting. The puff of flame hits you.
You see here a bat corpse.
Sigmund gestures wildly while chanting.
Sigmund flickers and vanishes!
You barely miss something. Something hits you!
You see here a bat corpse.
A magic dart appears from out of thin air!
The magic dart hits you!
A magic dart appears from out of thin air!
The magic dart hits you!
Ouch! That really hurt!
You die...

#.###.#####.......... #$
#........†........... #.
#####.####.∩.......# #.
#.. #..........# ###
###.#..######.#### #..
.#....{.# .... #..
#....#.# ..##### #..
#..#.#.##......# #..
#.....@....###+######>.
..##..#.#...........##..
...
#(.#.#...........###.
....
#..#.#..<............
....
#..#.#.##.........### .
#.#.#........†.#.. .#
#.#.#..........#.#
..#.#.>........#.#
###.##.........#.#


There were no monsters in sight!

Vanquished Creatures
  Jessica (D:2)
  A gnoll (D:1)
  A worm (D:2)
  2 dart slugs
  4 bats
  3 endoplasms (D:1)
  4 giant cockroaches
  6 goblins (D:1)
  5 hobgoblins
  2 jackals (D:2)
  A quokka (D:1)
  4 ball pythons
  2 frilled lizards (D:1)
  4 kobolds
  2 rats (D:2)
42 creatures vanquished.

Vanquished Creatures (others)
  2 plants (D:1)
2 creatures vanquished.

Grand Total: 44 creatures vanquished

Notes
Turn   | Place    | Note
-------+----------+-------------------------------------------
     0 | D:1      | weregamer the Gargoyle Ice Elementalist began the quest for
                  | the Orb.
     0 | D:1      | Reached XP level 1. HP: 10/10 MP: 3/3
   341 | D:1      | Reached skill level 1 in Armour
   341 | D:1      | Reached XP level 2. HP: 7/15 MP: 1/5
   804 | D:1      | Found a faded altar of an unknown god.
   825 | D:1      | Prayed at the altar of an unknown god.
   825 | D:1      | Became a worshipper of Kikubaaqudgha
   825 | D:1      | Reached * piety under Kikubaaqudgha
   825 | D:1      | Received a gift from Kikubaaqudgha
   827 | D:1      | Fell from the grace of Kikubaaqudgha
   880 | D:1      | Reached XP level 3. HP: 17/20 MP: 1/6
   899 | D:1      | Learned a level 3 spell: Ozocubu's Armour
  1962 | D:2      | Noticed Sigmund
  2163 | D:2      | Reached skill level 5 in Ice Magic
  2476 | D:2      | Reached XP level 4. HP: 24/24 MP: 2/7
  2480 | D:2      | Learned a level 3 spell: Frozen Ramparts
  2590 | D:2      | Noticed Jessica
  2598 | D:2      | Killed Jessica
  2729 | D:2      | Found Coluwuaz's Armour Boutique.
  2802 | D:2      | Killed from afar by Sigmund

Illustrated notes

Levels and vault maps discovered:
D:1:      minmay_arrival_arboretum_small, layout_basic,
          shapermc_ecumenical_altar_acropolis
D:2:      layout_basic, serial_shops, shop, uniq_jessica, uniq_sigmund

Skill      XL: |  1  2  3  4 |
---------------+-------------+-----
Armour         | 1 2 |  2.1
Ice Magic      | 5 |  5.2
Fighting       | |  0.8
Dodging        | |  1.5
Stealth        | |  2.2
Unarmed Combat | |  0.1
Spellcasting   | |  2.0

Action                   |  1- 3 |  4- 6 || total
-------------------------+-------+-------++-------
Melee: Unarmed           |    36 |     2 ||    38
 Cast: Freeze            |    60 |    14 ||    74
Invok: Renounce Religion |     1 |       ||     1
  Use: Scroll            |     3 |       ||     3
Armor: Robe              |    20 |       ||    20
       Leather armour    |     4 |     4 ||     8
Dodge: Dodged            |    47 |     8 ||    55
